Map: Echo of the past

Players

Tesla

  • Race: Protoss Protoss

Skyler - Winner!

  • Race: Protoss Protoss
  • League: Grandmaster

VOD

Have the link to the VOD?

Description

DAVE IS AWESOME

Time

  • Played on: Aug. 26, 2016, 1:44 p.m.
  • Length: 10:43
Show
View Real Time Build Order
Export as new Build Order

Tesla Protoss 

Build Orders:  

Get SALT Encoding   

  12  0:01  Probe (Chrono Boost)  
  13  0:11  Probe (Chrono Boost)  
  14  0:18  Pylon  
  14  0:22  Probe (Chrono Boost)  
  15  0:36  Probe (Chrono Boost)  
  15  0:37  Gateway  
  16  0:46  Assimilator  
  16  0:47  Probe (Chrono Boost)  
  17  0:57  Probe (Chrono Boost)  
  18  1:07  Pylon  
  18  1:08  Probe (Chrono Boost)  
  20  1:18  Probe (Chrono Boost)  
  20  1:24  Cybernetics Core  
  20  1:27  Pylon  
  20  1:29  Probe (Chrono Boost)  
  21  1:37  Assimilator  
  21  1:39  Probe (Chrono Boost)  
  22  1:42  Pylon  
  22  1:46  Warp Gate  
  22  1:50  Probe (Chrono Boost)  
  25  2:01  Adept  
  25  2:02  Probe (Chrono Boost)  
  27  2:16  Mothership Core (Chrono Boost)  
  27  2:36  Probe (Chrono Boost)  
  28  2:41  Nexus  
  28  2:44  Pylon  
  28  2:48  Probe (Chrono Boost)  
  28  2:49  Adept  
  31  3:01  Probe (Chrono Boost)  
  32  3:06  Gateway  
  33  3:13  Probe (Chrono Boost)  
  33  3:21  Assimilator  
  33  3:25  Assimilator, Probe (Chrono Boost)  
  34  3:30  Gateway  
  34  3:33  Adept  
  35  3:45  Gateway  
  35  3:54  Probe x2 (Chrono Boost)  
  39  4:06  Stalker  
  39  4:09  Probe (Chrono Boost)  
  41  4:10  Probe (Chrono Boost)  
  41  4:19  Probe (Chrono Boost)  
  41  4:22  Probe (Chrono Boost), Stalker  
  43  4:29  Sentry, Pylon  
  43  4:30  Probe (Chrono Boost)  
  46  4:34  Stalker  
  46  4:38  Probe (Chrono Boost)  
  49  4:41  Sentry, Mothership Core (Chrono Boost)  
  53  4:47  Stalker  
  53  4:50  Probe (Chrono Boost)  
  56  4:59  Probe (Chrono Boost)  
  57  5:00  Twilight Council  
  57  5:02  Probe (Chrono Boost)  
  57  5:04  Stalker  
  60  5:09  Probe (Chrono Boost)  
  62  5:15  Probe (Chrono Boost)  
  62  5:18  Robotics Facility  
  62  5:20  Probe (Chrono Boost)  
  63  5:22  Adept  
  63  5:23  Sentry  
  63  5:24  Resonating Glaives  
  65  5:31  Probe (Chrono Boost)  
  65  5:32  Probe (Chrono Boost)  
  67  5:41  Probe (Chrono Boost)  
  68  5:45  Forge  
  68  5:51  Stalker  
  68  5:52  Probe (Chrono Boost)  
  68  5:53  Pylon  
  68  5:56  Adept x2  
  75  6:01  Stalker  
  77  6:22  Stalker  
  77  6:23  Stalker x2  
  59  6:40  Stalker  
  59  6:41  Pylon  
  63  6:47  Stalker x2  
  63  6:48  Blink, Stalker  
  63  6:51  Probe (Chrono Boost)  
  34  7:29  Stalker  
  24  7:40  Stalker  
  24  7:41  Stalker  
  28  7:46  Probe (Chrono Boost)  
  31  7:52  Mothership Core (Chrono Boost)  
  31  7:55  Pylon  
  31  7:57  Probe (Chrono Boost)  
  32  7:59  Dark Shrine  
  32  8:03  Gateway  
  32  8:04  Gateway  
  32  8:06  Stalker x3  
  32  8:07  Probe (Chrono Boost)  
  32  8:12  Probe (Chrono Boost)  
  40  8:18  Probe (Chrono Boost)  
  41  8:24  Probe (Chrono Boost)  
  42  8:28  Probe (Chrono Boost)  
  42  8:36  Probe (Chrono Boost)  
  42  8:39  Probe (Chrono Boost)  
  41  8:43  Stalker x3  
  46  8:48  Probe (Chrono Boost)  
  46  8:50  Probe (Chrono Boost)  
  41  9:00  Probe (Chrono Boost)  
  38  9:12  Dark Templar x4  
  38  9:16  Probe (Chrono Boost)  
  48  9:17  Probe (Chrono Boost)  
  48  9:26  Probe (Chrono Boost)  
  48  9:29  Probe (Chrono Boost)  
  42  9:39  Probe (Chrono Boost)  
  42  9:41  Probe (Chrono Boost)  
  42  9:50  Probe (Chrono Boost)  
  41  9:55  Mothership Core (Chrono Boost)  
  41  10:03  Stalker  
  41  10:04  Stalker x3  
Show
View Real Time Build Order
Export as new Build Order

Skyler Protoss - Winner!

Build Orders:  

Get SALT Encoding   

  12  0:00  Probe (Chrono Boost)  
  13  0:11  Probe (Chrono Boost)  
  14  0:16  Pylon  
  14  0:22  Probe (Chrono Boost)  
  15  0:35  Probe (Chrono Boost)  
  16  0:36  Gateway  
  16  0:43  Assimilator  
  16  0:47  Probe (Chrono Boost)  
  17  1:00  Gateway  
  17  1:02  Probe (Chrono Boost)  
  18  1:13  Probe (Chrono Boost)  
  19  1:23  Probe (Chrono Boost)  
  19  1:24  Assimilator  
  20  1:26  Cybernetics Core  
  20  1:34  Probe (Chrono Boost)  
  21  1:44  Probe (Chrono Boost)  
  22  1:55  Probe (Chrono Boost)  
  23  2:02  Warp Gate  
  23  2:07  Pylon  
  23  2:18  Nexus  
  23  2:25  Stalker  
  25  2:30  Stalker  
  27  2:40  Probe (Chrono Boost)  
  28  2:47  Pylon  
  29  2:53  Probe (Chrono Boost)  
  29  3:04  Mothership Core (Chrono Boost)  
  29  3:05  Stalker  
  33  3:10  Stalker  
  35  3:22  Probe (Chrono Boost)  
  36  3:34  Probe (Chrono Boost)  
  36  3:35  Twilight Council  
  36  3:36  Pylon  
  37  3:46  Gateway  
  37  3:48  Probe x2 (Chrono Boost)  
  39  3:56  Pylon  
  39  3:58  Probe (Chrono Boost)  
  40  4:08  Probe (Chrono Boost)  
  40  4:09  Blink, Gateway  
  41  4:10  Probe (Chrono Boost)  
  42  4:30  Probe (Chrono Boost), Stalker  
  45  4:32  Pylon  
  45  4:38  Probe (Chrono Boost)  
  45  4:40  Stalker  
  45  4:42  Probe (Chrono Boost)  
  49  4:49  Probe (Chrono Boost)  
  49  4:50  Gateway  
  51  4:54  Probe (Chrono Boost)  
  51  4:56  Stalker  
  54  5:00  Probe (Chrono Boost)  
  54  5:06  Probe (Chrono Boost)  
  55  5:09  Stalker  
  55  5:10  Probe (Chrono Boost)  
  58  5:14  Robotics Facility  
  58  5:28  Stalker x3  
  64  5:36  Pylon  
  64  5:40  Pylon  
  64  5:41  Assimilator  
  64  5:42  Probe (Chrono Boost)  
  65  5:47  Pylon  
  65  5:53  Stalker x2  
  65  5:54  Stalker  
  71  5:58  Stalker  
  71  6:01  Observer  
  74  6:06  Probe (Chrono Boost)  
  73  6:16  Stalker  
  73  6:17  Stalker  
  73  6:18  Stalker x2  
  81  6:21  Stalker  
  81  6:45  Stalker x3  
  81  6:46  Stalker  
  89  6:48  Stalker  
  87  7:14  Stalker x2  
  87  7:15  Stalker x2  
  91  7:21  Probe (Chrono Boost)  
  93  7:23  Probe (Chrono Boost)  
  93  7:36  Nexus  
  93  7:38  Pylon  
  93  7:42  Pylon  
  93  7:45  Observer  
  93  7:46  Forge  
  93  7:47  Forge  
  93  7:51  Assimilator  
  94  7:59  Stalker x3  
  94  8:01  Stalker  
  94  8:02  Warp Prism  
  102  8:05  Stalker  
  106  8:13  Protoss Ground Armor Level 1, Protoss Ground Weapons Level 1  
  106  8:15  Probe (Chrono Boost)  
  106  8:17  Probe (Chrono Boost)  
  108  8:21  Pylon  
  108  8:31  Stalker x2  
  112  8:44  Stalker x3  
  118  9:05  Stalker x2  
  122  9:12  Stalker x3  
  128  9:22  Pylon  
  128  9:24  Pylon  
  128  9:25  Observer  
  129  9:46  Observer  
  130  9:54  Stalker x4  
  130  9:55  Stalker  
  140  10:17  Stalker x4  
  140  10:18  Stalker  
  150  10:31  Probe (Chrono Boost)  
  150  10:33  Assimilator  
  153  10:36  Assimilator  
Tags
 
Add a new tag
Caveats
  • Supply blocks, unpowered buildings, or Contaminate may cause inaccurate times.
  • Supply counts are checked every 10 seconds.